 Dungeon Sprint DCSS version 0.18-b1-10-g3f7de93 (webtiles) character file.

17926 MuMo the Brawler (level 12, -12/133 HPs)
             Began as a Troll Monk on Apr 29, 2016.
             Was the Champion of Cheibriados.
             Killed from afar by an ice dragon (49 damage)
             ... with a blast of cold
             ... in the Dungeon (Sprint IX: "|||||||||||||||||||||||||||||").
             The game lasted 00:05:14 (1375 turns).

MuMo the Brawler (Troll Monk)                       Turns: 1375, Time: 00:05:14

Health: -12/133    AC:  7    Str: 37    XL:     12   Next: 23%
Magic:  1/19       EV: 25    Int: 23    God:    Cheibriados [******]
Gold:   1618       SH:  0    Dex: 32    Spells: 1 memorised, 12 levels left

rFire  . . .     SeeInvis .       - Unarmed
rCold  . . .     Gourm    +     w - +2 robe {MR+}
rNeg   . . .     Faith    .     (no shield)
rPois  .         Spirit   .     (helmet restricted)
rElec  .         Dismiss  .     (no cloak)
rCorr  .         Reflect  .     (gloves unavailable)
SustAt .         Harm     .     (boots unavailable)
MR     ++...     NoTele   +     (no amulet)
Stlth  +++.......               x - ring of protection from magic
                                n - +3 ring of dexterity

@: manticore barbs, very slightly contaminated, invisible, very slow, very
resistant to hostile enchantments, fairly stealthy
A: unfitting armour, claws 3, fast metabolism 3, gourmand, regeneration 2,
shaggy fur 1, tough skin 2
a: Bend Time, Temporal Distortion, Slouch, Step From Time, Renounce Religion


You were in the Dungeon.
You worshipped Cheibriados.
Cheibriados was exalted by your worship.
You were not hungry.

You visited 1 branch You collected 1943 gold pieces.
You spent 325 gold pieces at shops.

Inventory:

Hand Weapons
 y - a +5 giant spiked club
Armour
 a - a +0 robe
 w - a +2 robe of magic resistance (worn)
 z - a +1 ice dragon armour
 A - a quicksilver dragon armour
Magical Staves
 m - an uncursed staff of energy
Jewellery
 n - a +3 ring of dexterity (left claw)
 o - a +2 ring of evasion
 x - a ring of protection from magic (right claw)
Wands
 l - a wand of lightning (4/15)
Scrolls
 h - 3 scrolls of blinking
 j - 3 scrolls of remove curse
 k - 2 scrolls of amnesia
 r - 3 scrolls of fog
 s - 5 scrolls of recharging
 t - a scroll of fear
Potions
 c - 6 potions of curing
 d - 7 potions of heal wounds
 e - 3 potions of haste
 f - 4 potions of magic
 g - a potion of berserk rage
 p - 2 potions of brilliance
 B - 2 potions of might
Books
 i - a book of Maledictions

   Spells                             Type                      Level
   a - Corona                         Hexes                        1
   b - Ensorcelled Hibernation        Hexes/Ice                    2
   c - Confuse                        Hexes                        3
   d - Tukima's Dance                 Hexes                        3
   e - Dazzling Spray                 Conjuration/Hexes            3
Comestibles
 b - 14 bread rations
 u - 44 fruits
 v - 10 meat rations


   Skills:
 + Level 12.4 Fighting
 + Level 13.0 Dodging
 - Level 1.5 Stealth
 + Level 18.8 Unarmed Combat
 * Level 2.1 Spellcasting
 * Level 2.4 Conjurations
 * Level 2.3 Hexes
 - Level 11.2 Invocations
 - Level 0.1 Evocations


You had 12 spell levels left.
You knew the following spells:

 Your Spells              Type           Power        Failure   Level  Hunger
a - Dazzling Spray        Conj/Hex       ##......     17%         3    ###....


Dungeon Overview and Level Annotations

Branches:
Dungeon (1/1)

Altars:
Cheibriados
Dithmenos
Elyvilon
Fedhas
Gozag
Kikubaaqudgha
Makhleb
Nemelex Xobeh
Okawaru
Pakellas
Qazlal
Ru
Sif Muna
Trog
Vehumet
Xom
Yredelemnul
Zin
The Shining One
Beogh
Jiyva
Lugonu

Shops:
D *:?(


Innate Abilities, Weirdness & Mutations

You are too large for most types of armour.
You have claws for hands.
Your metabolism is lightning-fast.
You like to eat raw meat.
You heal very quickly.
You are covered in fur (AC +1).
You have very tough skin (AC +2).


Message History

The ice dragon is lightly wounded.
The bolt of lightning misses the tengu warrior.
This wand has 4 charges left.
A great orb of eyes comes into view.
You are too injured to fight recklessly!
You are too injured to fight recklessly!
You are too injured to fight recklessly!
You are too injured to fight recklessly!
You claw the ice dragon!
The ice dragon is moderately wounded.
A fire dragon comes into view.
You claw the ice dragon!
The ice dragon is heavily wounded.
The ice dragon closely misses you. x3
You eviscerate the ice dragon!!!
You claw the ice dragon, but do no damage.
The ice dragon is almost dead.
The ice dragon breathes frost at you. The blast of cold hits you!
You die...

▓.▓∩▓.▓.▓.▓.▓
▓G▓.▓)▓.▓(▓.▓.▓
▓D▓.▓∩▓.▓.▓.▓)▓
▓.▓.▓.▓.▓.▓.▓)▓
▓G▓.▓∩▓.▓.▓.▓(▓
▓.▓.▓.▓.▓.▓.▓.▓
▓Q▓.▓∩▓.▓.▓.▓[▓
▓D▓.▓.▓.▓.▓.▓[▓
▓@▓.▓)▓.▓.▓.▓[▓
▓)▓.▓)▓.▓.▓.▓)▓
▓†▓.▓)▓.▓†▓.▓.▓
▓.▓.▓)▓.▓†▓.▓.▓
▓.▓.▓'▓.▓.▓.▓.▓
▓.▓.▓.▓.▓.▓.▓'▓
▓.▓.▓.▓.▓.▓.▓_▓
▓.▓.▓.▓.▓.▓.▓_▓
▓.▓.▓)▓.▓.▓.▓_▓


You could see a fire dragon (wandering), an ice dragon, 2 great orbs of eyes and
a tengu warrior.

Vanquished Creatures
  A rakshasa (D)
  A hydra (D)
  A centaur warrior (D)
  6 orc high priests (D)
  An unseen horror (D)
  10 orc knights (D)
  An ugly thing (D)
  A manticore (D)
  Psyche (D)
  4 spiny frogs (D)
  2 komodo dragons (D)
  2 trolls (D)
  2 slime creatures (D)
  A two-headed ogre (shapeshifter) (D)
  A blink frog (shapeshifter) (D)
  Grum (D)
  A hippogriff (D)
  2 wargs (D)
  3 hell hounds (D)
  3 porcupines (D)
  11 orc warriors (D)
  An ice beast (D)
  7 wolves (D)
  2 centaurs (D)
  2 crocodiles (D)
  3 giant frogs (D)
  A scorpion (D)
  A howler monkey (D)
  A hound (D)
  5 orc priests (D)
  4 orc wizards (D)
  An iguana (D)
  2 river rats (D)
  6 orcs (D)
  A bat zombie (D)
  A jackal (D)
  A bat (D)
  A giant gecko skeleton (D)
  3 kobolds (D)
  A rat (D)
100 creatures vanquished.

Notes
Turn   | Place    | Note
--------------------------------------------------------------
     0 | D        | MuMo the Troll Monk began the quest for the Orb.
     0 | D        | Reached XP level 1. HP: 22/22 MP: 0/0
    33 | D        | Noticed a howler monkey
    33 | D        | Noticed an orc wizard
    33 | D        | Noticed a hound
    33 | D        | Noticed an ice beast
    40 | D        | Killed an ice beast
    40 | D        | Reached skill level 7 in Unarmed Combat
    40 | D        | Reached XP level 2. HP: 26/32 MP: 1/1
    40 | D        | Reached XP level 3. HP: 32/39 MP: 2/2
    40 | D        | Reached XP level 4. HP: 40/48 MP: 3/3
    48 | D        | Reached skill level 8 in Unarmed Combat
    60 | D        | Reached XP level 5. HP: 41/55 MP: 4/4
    61 | D        | Reached skill level 5 in Dodging
    61 | D        | Reached skill level 9 in Unarmed Combat
    75 | D        | Found a glowing silver altar of Zin.
    75 | D        | Found a glowing golden altar of the Shining One.
    75 | D        | Found an ancient bone altar of Kikubaaqudgha.
    75 | D        | Found a basalt altar of Yredelemnul.
    75 | D        | Found a shimmering altar of Xom.
    75 | D        | Found a radiant altar of Vehumet.
    76 | D        | Found an iron altar of Okawaru.
    77 | D        | Found a burning altar of Makhleb.
    78 | D        | Found a deep blue altar of Sif Muna.
    79 | D        | Found a bloodstained altar of Trog.
    80 | D        | Found a sparkling altar of Nemelex Xobeh.
    81 | D        | Found a white marble altar of Elyvilon.
    82 | D        | Found a roughly hewn altar of Beogh.
    83 | D        | Found a viscous altar of Jiyva.
    84 | D        | Found a corrupted altar of Lugonu.
    85 | D        | Found a blossoming altar of Fedhas.
    86 | D        | Found a snail-covered altar of Cheibriados.
    87 | D        | Found a shadowy altar of Dithmenos.
    88 | D        | Found a stormy altar of Qazlal.
    89 | D        | Found an opulent altar of Gozag.
    90 | D        | Found a sacrificial altar of Ru.
    91 | D        | Found an oddly glowing altar of Pakellas.
   108 | D        | Became a worshipper of Cheibriados the Contemplative
   108 | D        | Reached * piety under Cheibriados
   108 | D        | Reached ** piety under Cheibriados
   137 | D        | Noticed a centaur
   137 | D        | Noticed an orc warrior
   142 | D        | Killed an orc warrior
   142 | D        | Reached skill level 5 in Fighting
   142 | D        | Reached skill level 10 in Unarmed Combat
   142 | D        | Reached XP level 6. HP: 41/66 MP: 5/5
   145 | D        | Reached *** piety under Cheibriados
   146 | D        | Reached skill level 11 in Unarmed Combat
   150 | D        | Reached **** piety under Cheibriados
   209 | D        | Noticed a centaur warrior
   214 | D        | Killed a centaur warrior
   214 | D        | Reached skill level 12 in Unarmed Combat
   214 | D        | Reached XP level 7. HP: 73/78 MP: 0/8
   214 | D        | Reached XP level 8. HP: 81/87 MP: 0/9
   215 | D        | Reached ***** piety under Cheibriados
   217 | D        | Killed an unseen horror
   217 | D        | Reached skill level 13 in Unarmed Combat
   217 | D        | Reached skill level 5 in Invocations
   219 | D        | Noticed a two-headed ogre
   219 | D        | an eye of draining changed into a two-headed ogre
   223 | D        | Killed a two-headed ogre
   371 | D        | Noticed a spiny frog
   372 | D        | Reached ****** piety under Cheibriados
   372 | D        | Reached skill level 14 in Unarmed Combat
   372 | D        | Reached XP level 9. HP: 96/96 MP: 12/12
   380 | D        | Noticed a spiny frog
   386 | D        | Killed a spiny frog
   390 | D        | Killed a spiny frog
   397 | D        | Noticed a spiny frog
   397 | D        | Noticed a komodo dragon
   397 | D        | Noticed a komodo dragon
   402 | D        | Noticed a spiny frog
   404 | D        | Killed a komodo dragon
   404 | D        | Reached skill level 15 in Unarmed Combat
   405 | D        | Noticed a four-headed hydra
   409 | D        | Killed a komodo dragon
   414 | D        | Killed a spiny frog
   414 | D        | Reached XP level 10. HP: 107/107 MP: 14/14
   417 | D        | Killed a seven-headed hydra
   417 | D        | Reached skill level 10 in Dodging
   424 | D        | Killed a spiny frog
   426 | D        | Reached skill level 16 in Unarmed Combat
   645 | D        | Reached skill level 10 in Fighting
   705 | D        | Noticed an orc knight
   705 | D        | Noticed an orc high priest
   710 | D        | Noticed an orc knight
   714 | D        | Killed an orc high priest
   719 | D        | Killed an orc knight
   726 | D        | Killed an orc knight
   731 | D        | Reached XP level 11. HP: 83/119 MP: 15/17
   740 | D        | Reached skill level 17 in Unarmed Combat
   841 | D        | Found Oxyoral's Weapon Boutique.
   841 | D        | Noticed an orc knight
   841 | D        | Noticed an orc knight
   841 | D        | Noticed an orc high priest
   841 | D        | Noticed an orc knight
   841 | D        | Noticed an orc knight
   843 | D        | Noticed an orc knight
   844 | D        | Killed an orc knight
   845 | D        | Noticed an orc knight
   850 | D        | Killed an orc knight
   852 | D        | Noticed an orc high priest
   852 | D        | Killed an orc high priest
   852 | D        | Reached skill level 10 in Invocations
   853 | D        | Found Nihucrik's Magic Scroll Shop.
   861 | D        | Killed an orc knight
   868 | D        | Killed an orc knight
   874 | D        | Killed an orc knight
   879 | D        | Killed an orc knight
   880 | D        | Found Wanul's Book Boutique.
   882 | D        | Killed an orc high priest
   885 | D        | Found Cacah's General Store.
   886 | D        | Noticed an orc high priest
   887 | D        | Noticed an orc knight
   888 | D        | Noticed an orc high priest
   889 | D        | Noticed an orc knight
   890 | D        | Noticed an orc high priest
   892 | D        | Killed an orc high priest
   892 | D        | Reached skill level 18 in Unarmed Combat
   893 | D        | Noticed a soul eater
   897 | D        | Killed an orc knight
   905 | D        | Killed an orc high priest
   910 | D        | Killed an orc knight
   918 | D        | Killed an orc high priest
  1013 | D        | Bought a book of Maledictions for 325 gold pieces
  1017 | D        | Learned a level 3 spell: Dazzling Spray
  1152 | D        | Noticed Psyche
  1155 | D        | Killed Psyche
  1207 | D        | Noticed Grum
  1214 | D        | Killed Grum
  1219 | D        | Reached XP level 12. HP: 132/132 MP: 19/19
  1335 | D        | Reached skill level 1 in Spellcasting
  1335 | D        | Reached skill level 1 in Conjurations
  1335 | D        | Reached skill level 1 in Hexes
  1341 | D        | Noticed a rakshasa
  1350 | D        | Noticed an ice dragon
  1360 | D        | Noticed an ice dragon
  1367 | D        | Killed a rakshasa
  1370 | D        | Noticed a tengu warrior
  1372 | D        | Noticed a great orb of eyes
  1374 | D        | Noticed a fire dragon
  1375 | D        | Killed from afar by an ice dragon

Skill      XL: |  1  2  3  4  5  6  7  8  9 10 11 12 |
---------------+-------------------------------------+-----
Fighting       | 4 5 7 8 9 10 12 | 12.4
Dodging        | 4 5 7 8 9 11 12 13 | 13.0
Unarmed Combat | 7 8 10 12 14 15 16 18 | 18.8
Invocations    | 3 5 7 9 11 | 11.2
Spellcasting   | 2 |  2.1
Conjurations   | 2 |  2.4
Hexes          | 2 |  2.3
Stealth        | |  1.5
Evocations     | |  0.1

Action                   |  1- 3 |  4- 6 |  7- 9 | 10-12 || total
-------------------------+-------+-------+-------+-------++-------
Melee: Unarmed           |    14 |    38 |    40 |   183 ||   275
       Punch             |       |     2 |     8 |    23 ||    33
 Cast: Dazzling Spray    |       |       |       |     5 ||     5
Evoke: Wand              |       |     1 |       |     2 ||     3
  Use: Potion            |       |       |       |     6 ||     6
       Scroll            |       |       |       |     4 ||     4
 Stab: Sleeping          |       |       |     1 |       ||     1
       Distracted        |       |       |       |     1 ||     1
       Invisible         |       |       |       |    22 ||    22
  Eat: Meat ration       |       |       |       |     2 ||     2
Armor: Robe              |     3 |     6 |       |     3 ||    12
Dodge: Dodged            |     3 |    11 |    33 |   126 ||   173
